Map: Daybreak LE (Void)

Players

ONEek - Winner!

  • Race: Terran Terran
  • League: Diamond
  • Spawn Location: 7:00

Gorod

  • Race: Zerg Zerg
  • League: Diamond
  • Spawn Location: 1:00

VOD

Have the link to the VOD?

Description

Time

  • Played on: Dec. 14, 2016, 1:34 p.m.
  • Length: 22:24
Show
View Real Time Build Order
Export as new Build Order

ONEek Terran - Winner!

Build Orders: Reaper Expand, MMM Bio 

Get SALT Encoding   

  12  0:01  SCV  
  13  0:13  SCV  
  14  0:18  Supply Depot  
  14  0:26  SCV  
  15  0:39  SCV  
  15  0:40  Barracks  
  16  0:45  Refinery  
  16  0:51  SCV  
  17  1:03  SCV  
  18  1:16  SCV  
  19  1:29  Reaper  
  21  1:33  Orbital Command  
  20  1:44  Command Center  
  20  1:55  Barracks  
  20  2:01  Barracks Reactor  
  20  2:04  SCV  
  21  2:12  Supply Depot  
  21  2:14  Refinery  
  21  2:20  SCV  
  22  2:41  SCV  
  22  2:43  Barracks Tech Lab  
  23  2:44  Factory  
  22  2:52  Marine x2  
  24  2:59  SCV  
  24  3:03  Stimpack  
  25  3:08  Marine  
  25  3:11  Marine  
  25  3:12  Marine  
  28  3:17  SCV  
  29  3:23  Orbital Command  
  29  3:26  Supply Depot  
  29  3:27  Marine  
  29  3:29  Starport, Marine  
  29  3:33  Factory Reactor  
  31  3:36  Marine  
  31  3:39  SCV  
  33  3:46  Marine  
  33  3:47  Marine  
  35  3:52  SCV x2  
  37  3:57  Marine  
  38  4:09  SCV x2  
  40  4:10  Marine x2  
  42  4:19  Medivac x2  
  42  4:21  Widow Mine  
  42  4:23  Supply Depot  
  48  4:25  SCV x2  
  48  4:29  Engineering Bay  
  50  4:35  Engineering Bay  
  50  4:37  SCV  
  50  4:38  SCV  
  52  4:41  Marine x2  
  52  4:44  Marine  
  55  4:48  Supply Depot  
  55  4:50  Medivac  
  57  5:03  SCV x2  
  59  5:08  Marine x3, Factory Reactor  
  59  5:09  Combat Shields  
  62  5:15  SCV  
  62  5:16  SCV, Terran Infantry Weapons Level 1  
  64  5:28  SCV  
  57  5:42  Marine  
  57  5:43  Marine x2  
  55  5:57  SCV x2  
  55  6:00  Marine  
  55  6:04  Barracks  
  54  6:05  Barracks, Terran Infantry Armor Level 1  
  54  6:06  Barracks, Command Center  
  54  6:08  Armory  
  54  6:09  SCV  
  55  6:13  SCV  
  55  6:15  Refinery  
  55  6:17  Refinery  
  56  6:20  Widow Mine x2  
  56  6:22  Medivac  
  62  6:34  Supply Depot  
  62  6:35  Supply Depot  
  62  6:37  Marine x3  
  65  6:54  Marine  
  66  7:03  SCV x2  
  66  7:04  Marauder, Widow Mine, Marine  
  66  7:05  Widow Mine, Medivac x2  
  66  7:07  Barracks Tech Lab x2  
  66  7:08  Barracks Tech Lab  
  79  7:12  Marine  
  80  7:18  Terran Vehicle And Ship Armor Level 1  
  80  7:24  Orbital Command  
  80  7:26  Marauder  
  82  7:33  Terran Infantry Weapons Level 2  
  84  7:37  Marauder, Marine x4  
  88  7:47  Marine  
  88  7:51  Supply Depot  
  87  7:55  Marine x4  
  87  7:58  Marine  
  92  7:59  Widow Mine x2  
  92  8:00  Medivac x2  
  92  8:04  Marine  
  100  8:07  Barracks  
  100  8:08  Barracks  
  100  8:09  Orbital Command  
  100  8:15  Liberator x2  
  95  8:31  SCV x2  
  98  8:42  Supply Depot  
  98  8:43  SCV x3  
  101  8:49  Widow Mine x2  
  101  8:50  Marine x2, Supply Depot  
  101  8:51  Marauder  
  109  9:03  Marauder x3, SCV x2  
  117  9:12  Marauder, SCV  
  117  9:14  Refinery  
  117  9:15  SCV x2  
  122  9:19  Refinery, Supply Depot x2  
  122  9:24  SCV  
  122  9:25  Marauder  
  118  9:33  Marauder x2, Marine x4  
  118  9:34  Marauder  
  100  9:53  Marauder, Marine x2  
  100  9:54  Barracks Reactor, Marauder x2, Barracks Tech Lab  
  100  9:56  SCV x3  
  109  10:01  Supply Depot  
  109  10:05  Liberator x2  
  109  10:07  Supply Depot x2  
  109  10:08  SCV x2, Terran Infantry Weapons Level 3, Terran Infantry Armor Level 2  
  109  10:11  Supply Depot  
  109  10:12  SCV, Supply Depot  
  109  10:14  Marauder x2, Marine  
  116  10:20  SCV x2  
  116  10:21  Supply Depot  
  121  10:26  Concussive Shells  
  125  10:34  Unknown  
  125  10:35  Unknown x3  
  113  11:07  Marauder x3, Marine x2  
  105  11:11  Liberator x2  
  99  11:19  SCV x2  
  101  11:26  Command Center  
  101  11:29  Marauder  
  101  11:30  Marauder x4, Marine x3  
  120  11:34  Marine  
  120  11:35  Widow Mine x2, Barracks  
  120  11:36  Barracks  
  120  11:38  Barracks  
  125  11:48  Marine x2  
  125  11:51  Marauder x3  
  125  11:52  Marauder x2, Marine x2  
  139  12:05  Marine  
  139  12:06  Marine  
  141  12:12  Marauder x2  
  145  12:25  Unknown x2  
  142  12:39  Marauder x2, Marine x4  
  150  12:49  Barracks Tech Lab x2  
  150  12:50  Barracks Reactor  
  150  12:51  Terran Vehicle And Ship Armor Level 2  
  150  12:54  Terran Infantry Armor Level 3  
  150  12:55  Hi-Sec Auto Tracking  
  150  13:02  Marauder, Marine  
  150  13:03  Marauder x2, Marine x3  
  160  13:10  Marauder x3, Marine  
  108  13:20  Marine x3  
  108  13:21  Planetary Fortress, Marine  
  108  13:23  Marine x2  
  108  13:24  Marine  
  115  13:28  Marine  
  115  13:31  Marine x2  
  115  13:32  Marauder  
  120  13:34  Widow Mine x2  
  120  13:36  Medivac x2  
  128  13:42  Marauder x3  
  128  13:45  Refinery  
  128  13:46  Command Center  
  128  13:47  Refinery  
  128  13:48  Marine x6  
  137  13:51  Marauder  
  142  13:59  Building Armor  
  142  14:00  Marauder  
  142  14:01  Marauder x2  
  142  14:02  Widow Mine  
  148  14:03  Marauder  
  148  14:08  Starport  
  148  14:09  Starport  
  148  14:23  Marauder, Marine  
  148  14:24  Marauder x2, Marine x8  
  142  14:25  Marine  
  142  14:29  Medivac x2  
  154  14:40  Supply Depot  
  154  14:50  Unknown  
  142  14:53  Liberator x2  
  142  15:01  Marauder x4, Marine x3  
  149  15:08  Marauder x3, Missile Turret, Widow Mine, Marine x3  
  149  15:09  Widow Mine  
  164  15:19  Marine  
  114  15:39  Marauder, Marine  
  114  15:40  Marauder x2, Marine x3  
  114  15:41  Starport Reactor x2  
  124  15:51  Marauder x3, Widow Mine x2, Marine x3  
  137  15:57  Marine x2  
  137  16:02  Medivac x2  
  143  16:17  Command Center  
  111  16:32  Marauder x5, Marine x5  
  99  16:39  Medivac x2  
  96  16:50  Marauder, Marine  
  96  16:51  Marauder, Marine  
  96  16:53  Marauder  
  95  17:05  Marauder x4, Marine x2  
  92  17:29  Marauder x4, Marine x2  
  94  17:30  Marauder  
  94  17:36  Marauder x2, Marine  
  94  17:37  Marine  
  93  17:50  Marauder  
  90  17:54  Marauder x2, Marine x2  
  90  17:55  Marauder, Marine x2  
  99  18:07  Refinery x2  
  83  18:13  Engineering Bay  
  83  18:17  Marauder x2, Marine x3  
  86  18:22  Liberator  
  84  18:51  Marauder x3  
  84  18:52  Marauder x4, Marine x4  
  84  18:54  Medivac  
  103  18:58  Planetary Fortress, Liberator  
  103  19:03  Planetary Fortress  
  103  19:05  Marine x2  
  105  19:12  Marauder  
  105  19:13  Marauder x3  
  113  19:25  Marauder x3, Marine x3  
  107  19:39  Marauder x4, Marine  
  116  19:46  Marauder x3  
  116  19:50  Refinery  
  122  19:58  Starport Reactor  
  122  20:00  Marauder x2  
  122  20:01  Marauder  
  122  20:04  Marauder, Liberator  
  122  20:05  Marine x4  
  134  20:08  Marauder x2, Orbital Command  
  134  20:12  SCV x2  
  134  20:13  Marauder, Marine x2  
  144  20:16  Missile Turret  
  144  20:20  Widow Mine  
  144  20:21  Widow Mine, Marauder  
  146  20:22  Marauder, Marine, Medivac  
  146  20:26  Marauder  
  160  20:49  Marauder x3, Marine x7  
  171  20:50  Marine  
  171  20:56  Marauder x2  
  172  21:14  Marine  
  172  21:20  Marine x3  
  172  21:22  Marine x2  
  172  21:26  Marine  
  172  21:27  Marauder x2  
  172  21:28  Marauder  
  172  21:36  Orbital Command  
  172  21:41  Marine  
  172  22:09  SCV x2  
  172  22:10  SCV  
  172  22:11  SCV  
Show
View Real Time Build Order
Export as new Build Order

Gorod Zerg 

Build Orders: Hatch First 

Get SALT Encoding   

  12  0:06  Drone  
  13  0:09  Drone  
  14  0:22  Drone, Extractor  
  15  0:49  Hatchery  
  14  0:52  Extractor  
  14  0:53  Drone  
  15  1:03  Spawning Pool  
  14  1:09  Extractor  
  14  1:10  Drone  
  14  1:15  Extractor  
  14  1:16  Drone, Extractor  
  14  1:24  Overlord  
  16  1:48  Drone x3  
  16  1:51  Queen  
  21  2:00  Queen  
  23  2:03  Drone x2  
  25  2:14  Drone x2  
  27  2:20  Drone  
  28  2:29  Spore Crawler  
  27  2:30  Overlord  
  27  2:34  Spore Crawler  
  26  2:43  Queen  
  28  2:48  Queen  
  28  2:51  Drone  
  30  2:52  Drone  
  32  3:03  Drone  
  32  3:04  Drone x3  
  36  3:07  Overlord  
  36  3:37  Drone x2  
  36  3:38  Drone x2  
  40  3:45  Drone x4  
  44  3:48  Extractor  
  44  3:50  Extractor  
  44  3:51  Drone x2, Roach Warren  
  43  4:16  Drone  
  44  4:23  Overlord  
  44  4:25  Overlord  
  44  4:26  Overlord  
  44  4:28  Hatchery  
  43  4:44  Drone x4  
  43  4:45  Drone  
  48  4:47  Extractor  
  48  4:49  Roach x3  
  48  4:50  Roach x2  
  57  4:58  Drone x3  
  57  4:59  Extractor  
  60  5:07  Drone x3  
  60  5:12  Lair  
  62  5:19  Evolution Chamber  
  61  5:22  Evolution Chamber  
  58  5:34  Roach x3  
  58  5:39  Roach  
  58  5:40  Roach x3  
  60  5:44  Queen  
  60  5:46  Queen  
  58  6:01  Drone  
  58  6:02  Drone x7  
  62  6:07  Zerg Missile Weapons Level 1  
  62  6:08  Glial Reconstitution, Zerg Ground Armor Level 1  
  62  6:09  Queen  
  64  6:19  Spore Crawler  
  64  6:22  Spore Crawler  
  64  6:24  Spore Crawler  
  61  6:30  Drone  
  61  6:31  Drone x4  
  66  6:35  Drone, Extractor  
  66  6:36  Drone, Extractor  
  66  6:57  Overlord x3  
  66  6:58  Overlord  
  66  7:24  Ravager x3  
  66  7:25  Overlord x3  
  66  7:26  Roach x11  
  91  7:31  Drone x3  
  94  7:37  Overseer  
  94  8:01  Roach x14  
  94  8:04  Zerg Missile Weapons Level 2, Zerg Ground Armor Level 2  
  116  8:42  Drone  
  116  8:43  Drone x5  
  122  8:55  Overlord x3  
  122  9:09  Overlord x3  
  122  9:10  Overlord x2  
  122  9:15  Ravager x12  
  122  9:16  Ravager x5  
  139  9:21  Hatchery  
  139  9:22  Extractor  
  135  9:24  Extractor  
  135  9:29  Overlord x5  
  113  9:41  Overseer  
  113  9:44  Roach  
  113  9:45  Roach x4  
  97  10:00  Queen  
  99  10:07  Queen  
  99  10:13  Drone x4  
  99  10:14  Drone x2  
  107  10:15  Drone x2  
  107  10:16  Drone  
  107  10:17  Drone  
  111  10:41  Roach x4  
  111  10:42  Roach x6  
  117  10:49  Ravager x2  
  111  10:51  Overseer  
  111  10:55  Roach x7  
  111  10:56  Roach  
  125  11:10  Roach x6  
  125  11:11  Roach  
  122  11:15  Ravager  
  122  11:16  Ravager x3  
  122  11:20  Ravager  
  122  11:21  Ravager  
  122  11:23  Drone x5  
  129  11:35  Queen  
  131  11:44  Infestation Pit  
  130  11:47  Overlord x2  
  130  11:48  Overlord x4  
  130  12:16  Ravager x10  
  130  12:17  Ravager x2  
  130  12:18  Roach x2  
  130  12:19  Roach x9  
  161  12:33  Roach x2  
  161  12:34  Roach x6  
  168  12:42  Drone x4  
  168  12:44  Overlord x2  
  132  13:14  Roach x5  
  132  13:15  Roach x7  
  135  13:22  Roach  
  135  13:23  Roach x2  
  135  13:29  Ravager x2  
  135  13:30  Ravager x9  
  146  13:36  Hive  
  146  13:39  Queen  
  146  13:40  Overlord  
  146  13:41  Overlord x4  
  148  13:42  Ravager  
  148  13:43  Ravager x6  
  155  13:53  Ravager x6  
  155  13:54  Roach x4  
  169  13:57  Overlord  
  169  14:02  Roach x3  
  175  14:07  Roach x3  
  179  14:24  Roach x10  
  166  14:43  Roach  
  166  14:44  Roach x10  
  148  15:26  Roach x9  
  148  15:27  Roach x8  
  141  15:48  Ravager x2  
  143  15:50  Ravager x3  
  143  15:51  Ravager  
  143  15:52  Ravager x2  
  143  15:55  Ravager x10  
  159  15:58  Zerg Missile Weapons Level 3  
  152  16:22  Extractor  
  152  16:23  Hatchery  
  152  16:25  Roach x16, Extractor  
  159  16:26  Roach x5  
  142  16:37  Roach x6  
  141  17:01  Ravager  
  141  17:02  Ravager x7  
  141  17:04  Ravager  
  140  17:19  Roach x8  
  140  17:20  Roach x2  
  146  17:30  Roach  
  146  17:31  Roach x6  
  145  17:45  Roach x4  
  147  18:09  Roach  
  147  18:10  Roach x7  
  149  18:25  Ravager x4  
  108  18:54  Roach x10  
  108  18:55  Roach  
  118  19:11  Ravager x2  
  118  19:12  Ravager  
  115  19:26  Roach x9  
  109  19:44  Ravager  
  109  19:45  Ravager x3  
  113  19:46  Ravager  
  116  20:00  Ravager x2  
  116  20:01  Ravager  
  116  20:06  Extractor  
  116  20:07  Hatchery  
  116  20:11  Extractor  
  116  20:12  Ravager  
  115  20:16  Metabolic Boost  
  115  20:32  Ravager x3  
  118  20:36  Zergling x32  
  118  20:37  Zergling x2  
  123  21:08  Roach  
  123  21:09  Roach x18  
  153  21:20  Roach x7  
  114  21:48  Zergling x20  
  114  21:49  Zergling x20  
Tags
 
Add a new tag
Caveats
  • Supply blocks, unpowered buildings, or Contaminate may cause inaccurate times.
  • Supply counts are checked every 10 seconds.